 Dungeon Crawl Stone Soup version 0.30.1-11-g7821555f0a (webtiles) character file.

Game seed: 5138292075055940746

273 monsoonserge the Magician (level 6, -6/41 HPs)
             Began as a Djinni Venom Mage on Nov 19, 2023.
             Splashed by a jelly's acid (11 damage)
             ... on level 5 of the Dungeon.
             The game lasted 00:13:45 (3038 turns).

monsoonserge the Magician (Djinni Venom Mage)       Turns: 3038, Time: 00:13:46

Health: -6/41      AC:  3    Str:  5    XL:     6   Next: 48%
Gold:   211        EV: 10    Int: 18    God:
                   SH: 15    Dex: 25

rFire   + + .        n - +2 war axe (venom)
rCold   . . .        y - +5 kite shield "Curphenoe" {Fly Str-2 Dex+8 Slay+3}
rNeg    . . .        w - +1 robe of Fun and Games {Dex+3 SInv}
rPois   ∞            (no helmet)
rElec   .            g - scarf {repulsion}
rCorr   .            (no gloves)
SInv    +            (boots unavailable)
Will    .....        o - amulet of the acrobat
Stlth   +++          p - ring of protection from cold
HPRegen 0.26/turn    (no ring)
MPRegen 0.00/turn

%: repel missiles, acrobat, infuse magic (-7 HP)
@: flying
A: sickness immunity, fire resistance 2, cold vulnerability 1, float, innate
caster, HP casting, extra vitality 1
a: no special abilities


You were on level 5 of the Dungeon.
You visited 1 branch of the dungeon, and saw 5 of its levels.

You collected 211 gold pieces.

Inventory:

Hand Weapons
 b - a +0 short sword
 n - a +2 war axe of venom (weapon)
Missiles
 u - 11 poisoned darts
 z - 3 boomerangs (quivered)
Armour
 g - a scarf of repulsion (worn)
 w - the +1 robe of Fun and Games (worn) {Dex+3 SInv}
   (You found it on level 3 of the Dungeon)

   Dex:       It affects your dexterity (+3).
   SInv:      It lets you see invisible.
 y - the +5 kite shield "Curphenoe" (worn) {Fly Str-2 Dex+8 Slay+3}
   (You found it on level 3 of the Dungeon)

   Str:       It affects your strength (-2).
   Dex:       It affects your dexterity (+8).
   Slay:      It affects your accuracy & damage with ranged weapons and melee
   (+3).
   Fly:       It grants you flight.
Jewellery
 o - an amulet of the acrobat (around neck)
 p - a ring of protection from cold (left hand)
Wands
 e - a wand of polymorph (9)
 s - a wand of mindburst (4)
 t - a wand of paralysis (7)
Scrolls
 f - a scroll of fog
 i - 3 scrolls of blinking {unknown}
 j - a scroll of enchant weapon
 k - 3 scrolls of teleportation
 r - a scroll of butterflies
 v - a scroll of fear {unknown}
Potions
 a - a potion of ambrosia {unknown}
 c - a potion of attraction {unknown}
 d - a potion of lignification {unknown}
 h - 4 potions of curing
 l - 2 potions of mutation
 m - 2 potions of invisibility
 q - a potion of haste {unknown}
 x - a potion of degeneration {unknown}


   Skills:
 + Level 0.6 Fighting
 + Level 0.1 Short Blades
 - Level 1.0 Axes
 - Level 0.4 Armour
 + Level 2.4 Dodging
 - Level 2.0 Stealth
 * Level 1.7 Shields
 * Level 4.4 Spellcasting


You knew the following spells:

 Your Spells              Type           Power      Damage    Failure   Level
a - Sting                 Tmut/Pois      80%        1d7       26%         1
b - Poisonous Vapours     Pois/Air       40%        N/A       36%         2
c - Mephitic Cloud        Conj/Pois/Air  20%        N/A       58%         3
d - Olgreb's Toxic Radia  Pois           20%        N/A       94%         4
e - Necrotise             Necr           80%        1d8       26%         1
f - Call Imp              Summ           40%        N/A       36%         2
Your spell library was empty.

Dungeon Overview and Level Annotations

Branches:
Dungeon (5/15)
 Temple: D:4-7

Altars:
Fedhas
Uskayaw

Shops:
D:3 ?

Annotations:
D:4 2 transporters, Pikel


Innate Abilities, Weirdness & Mutations

You are immune to sickness and miasma.
You are immune to poison.
Your flesh is very heat resistant. (rF++)
You are vulnerable to cold. (rC-)
You float through the air rather than walking.
You learn spells naturally, not from books.
Your magical power is your life essence.
You have superior vitality. (+4 MHP)


Message History

You miss the lemure. You barely miss the lemure. You block the lemure's attack.
The lemure hits you! You block the lemure's attack. The lemure hits you!
You block the lemure's attack. The lemure misses you.
The lemure attacks as you move away! You block the lemure's attack.
Pikel shouts!
The lemure hits you but does no damage.
There is an escape hatch in the floor here.
You block the lemure's attack. The lemure hits you.
Pikel zaps a wand.
The bolt of acid hits you!
* * * LOW HITPOINT WARNING * * *
You fly downwards.
The hatch slams shut behind you.
The iguana hisses angrily.
Unknown command.
As you read the scroll of teleportation, it crumbles to dust.
You feel strangely unstable. The lemure hits you.
* * * LOW HITPOINT WARNING * * *
The lemure hits you but does no damage.
Casting: Necrotise (safe; 26% risk of failure)
Confirm with . or Enter, or press ? or * to list all spells.
Okay, then.
You feel better. You block the lemure's attack. x2
You slash the lemure!
The lemure looks as sick as possible!
The lemure is almost dead.
You hit the lemure.
Your surroundings suddenly seem different.
A jelly comes into view.
Found a wand of polymorph (4) and 10 gold pieces.
An adder comes into view.
The jelly quivers.
You slash the jelly!
Your hands burn!
* * * LOW HITPOINT WARNING * * *
The jelly is heavily wounded.
You block the jelly's attack. The jelly closely misses you.
You hit the jelly.
Your hands burn!
* * * LOW HITPOINT WARNING * * *
The jelly is almost dead.
The jelly hits you.
* * * LOW HITPOINT WARNING * * *
You are splashed with acid!
You die...

#......#
#......#
#......#
#......#
#......####
#..........
+..........
#..J.......
#..@.......
#..........
###....####
#....#
+....#
#/.$.#
.....#
.S...#


You could see a jelly and an adder (asleep).

Vanquished Creatures
  2 lemures
  A jelly (D:4)
  An iguana (D:4)
  An orc wizard (D:4)
  2 adders
  A worm (D:2)
  6 dart slugs
  11 orcs
  12 endoplasms
  2 giant cockroaches
  3 goblins
  5 hobgoblins
  2 jackals (D:3)
  3 kobolds
  6 quokkas
  8 ball pythons
  3 bats
  2 frilled lizards
  11 rats
82 creatures vanquished.

Vanquished Creatures (collateral kills)
  A scorpion (D:3)
  2 orcs (D:4)
  A ball python (D:2)
  A goblin (D:4)
  2 jackals
7 creatures vanquished.

Grand Total: 89 creatures vanquished

Notes
Turn   | Place    | Note
-------+----------+-------------------------------------------
     0 | D:1      | monsoonserge the Djinni Venom Mage began the quest for the
                  | Orb.
     0 | D:1      | monsoonserge set off with the following spells memorised:
                  | Sting, Poisonous Vapours, Mephitic Cloud, Olgreb's Toxic
                  | Radiance.
     0 | D:1      | Reached XP level 1. HP: 15/15 MP: 0/0
   159 | D:1      | Reached XP level 2. HP: 19/21 MP: 0/0
   294 | D:1      | Reached skill level 3 in Spellcasting
   591 | D:1      | Reached XP level 3. HP: 24/25 MP: 0/0
   591 | D:1      | Learned a level 1 spell: Necrotise
   625 | D:1      | Found a faded altar of an unknown god.
   983 | D:2      | Found a blossoming altar of Fedhas.
  1475 | D:2      | Reached XP level 4. HP: 22/31 MP: 0/0
  1750 | D:3      | Found Goideoga's Magic Scroll Shop.
  1840 | D:3      | Identified the +1 robe of Fun and Games {Dex+3 SInv}
  2026 | D:3      | Identified the +5 kite shield "Curphenoe" {Fly Str-2 Dex+8
                  | Slay+3}
  2028 | D:3      | Noticed a scorpion
  2032 | D:3      | Killed a scorpion
  2033 | D:3      | Reached skill level 1 in Axes
  2033 | D:3      | Reached skill level 1 in Shields
  2033 | D:3      | Reached XP level 5. HP: 20/35 MP: 0/0
  2033 | D:3      | Learned a level 2 spell: Call Imp
  2406 | D:4      | Reached skill level 4 in Spellcasting
  2406 | D:4      | Reached XP level 6. HP: 17/41 MP: 0/0
  2710 | D:4      | Noticed a black bear
  2711 | D:4      | Found a hide-covered altar of Uskayaw.
  2713 | D:4      | Noticed a black bear
  2716 | D:4      | Found a transporter.
  2761 | D:4      | Found a transporter.
  2840 | D:4      | Noticed Pikel
  3032 | D:5      | Entered Level 5 of the Dungeon
  3038 | D:5      | Splashed by a jelly's acid

Illustrated notes

Levels and vault maps discovered:
D:1:      lightli_arrival_lavapool, layout_loops_ring,
          shapermc_ecumenical_altar_mp_ritualfount, minivault_23, minivault_25
D:2:      minmay_chambers_of_twos, layout_rooms, basic_altar,
          minmay_misc_feat_pillars, minmay_rat_gold_closets
D:3:      layout_loops_ring, serial_shops, nicolae_shop_stone,
          dreamdust_mushroom_princess, minmay_randomly_rotated_circles
D:4:      layout_loops_ring, gammafunk_temple_overflow_arena,
          minmay_manual_macuahuitl, uniq_pikel
D:5:      layout_gridville, serial_demonic, serial_demonic_g, serial_demonic_c,
          serial_demonic_e, serial_demonic_e

Skill      XL: |  1  2  3  4  5  6 |
---------------+-------------------+-----
Spellcasting   | 3 4 |  4.4
Axes           | 1 |  1.0
Shields        | 1 |  1.7
Stealth        | 2 |  2.0
Fighting       | |  0.6
Short Blades   | |  0.1
Armour         | |  0.4
Dodging        | |  2.4

Action                     |  1- 3 |  4- 6 || total
---------------------------+-------+-------++-------
  Melee: Unarmed           |     5 |       ||     5
         Short sword       |    17 |       ||    17
         War axe           |     5 |    52 ||    57
  Throw: Boomerang         |       |     1 ||     1
   Cast: Sting             |    42 |     6 ||    48
         Necrotise         |    17 |    34 ||    51
         Mephitic Cloud    |       |     1 ||     1
         Olgreb's Toxic Ra |       |     1 ||     1
         Poisonous Vapours |       |     1 ||     1
         Call Imp          |       |     1 ||     1
    Use: Scroll            |       |     9 ||     9
         Potion            |       |     1 ||     1
   Stab: Sleeping          |     6 |     5 ||    11
 Armour: Robe              |     6 |     7 ||    13
         Leather armour    |     4 |     7 ||    11
  Dodge: Dodged            |    29 |    38 ||    67
         Repelled          |     1 |     1 ||     2
  Block: Buckler           |     9 |     6 ||    15
         Kite shield       |       |    46 ||    46
